 Dungeon Crawl Stone Soup version 0.31-a0-1074-g0b22e4e0f1 (webtiles) character file.

Game seed: 11092833793237326386

866 Lobster4 the Firebug (level 8, -8/63 HPs)
             Began as a Hill Orc Fire Elementalist on Dec 5, 2023.
             Mangled by an ogre
             ... wielding a +0 giant club
              (22 damage)
             ... on level 4 of the Dungeon on Dec 6, 2023.
             The game lasted 00:14:59 (6149 turns).

Lobster4 the Firebug (Hill Orc Fire Elementalist)   Turns: 6149, Time: 00:14:59

Health: -8/63      AC: 14    Str: 11    XL:     8   Next: 3%
Magic:  8/11       EV: 12    Int: 17    God:
Gold:   265        SH:  0    Dex: 11    Spells: 5/12 levels left

rFire   . . .        d - +0 hand axe (flame)
rCold   . . .        (no shield)
rNeg    . . .        a - +0 robe
rPois   .            c - +1 helmet
rElec   .            (no cloak)
rCorr   .            e - +1 pair of gloves
SInv    .            (no boots)
Will    .....        I - amulet of magic regeneration
Stlth   ++           i - +4 ring of protection
HPRegen 0.30/turn    t - +4 ring of protection
MPRegen 0.52/turn

%: no passive effects
@: no status effects
A: no striking features
a: no special abilities


You were on level 4 of the Dungeon.
You visited 1 branch of the dungeon, and saw 5 of its levels.
You also visited: Sewer.

You collected 373 gold pieces.
You spent 108 gold pieces at shops.

Inventory:

Hand Weapons
 d - a +0 hand axe of flaming (weapon)
 f - a +0 dagger
 l - a +0 short sword
 q - a +0 war axe
 s - a +0 war axe
 w - a +0 trident
 B - a +0 broad axe
 E - a +0 mace of venom
 H - a +0 sling
Missiles
 g - 49 stones
 j - 3 darts of dispersal
 k - 9 poisoned darts (quivered)
 m - 3 boomerangs
Armour
 a - a +0 robe (worn)
 c - a +1 helmet (worn)
 e - a +1 pair of gloves (worn)
 n - a +0 buckler
 x - a +0 leather armour
 D - a +0 ring mail of cold resistance
Magical Staves
 p - a staff of air
Jewellery
 i - a +4 ring of protection (left hand)
 t - a +4 ring of protection (right hand)
 I - an amulet of magic regeneration (around neck)
 K - a ring of willpower
Wands
 h - a wand of iceblast (8)
Scrolls
 u - a scroll of teleportation
 v - 2 scrolls of fog
 y - a scroll of enchant weapon {unknown}
 A - a scroll of immolation {unknown}
 F - a scroll of amnesia {unknown}
Potions
 b - 3 potions of haste
 o - a potion of curing {unknown}
 r - a potion of ambrosia
 z - a potion of attraction
 C - a potion of might {unknown}
 G - a potion of heal wounds {unknown}
 J - a potion of lignification {unknown}


   Skills:
 - Level 3.0 Fighting
 + Level 2.4 Axes
 - Level 3.0 Armour
 + Level 2.9 Dodging
 - Level 1.5 Stealth
 + Level 2.5 Shields
 + Level 2.6 Spellcasting
 + Level 2.9 Conjurations
 * Level 5.8 Fire Magic
 + Level 1.3 Evocations


You had 5 spell levels left.
You knew the following spells:

 Your Spells              Type           Power      Damage    Failure   Level
a - Foxfire               Conj/Fire      68%        2x1d7     3%          1
b - Scorch                Fire           42%        2d6       2%          2
d - Flame Wave            Conj/Fire      17%        2d7       30%         4

Your spell library contained the following spells:

 Spells                   Type           Power      Damage    Failure   Level
 Inner Flame              Hex/Fire       12%        N/A       17%         3
 Volatile Blastmotes      Fire/Tloc      24%        2d12      17%         3


Dungeon Overview and Level Annotations

Branches:
Dungeon (5/15)              Sewer (visited)
 Temple: D:4-7

Altars:
Kikubaaqudgha
Okawaru

Shops:
D:3 (   D:5 (

Annotations:
D:4 2 transporters, bmb222's ghost, amateur DsGl


Message History

The hound bites you but does no damage.
Casting: Foxfire (safe; 3% risk of failure)
Confirm with . or Enter, or press ? or * to list all spells.
You miscast Scorch.
You are very lightly contaminated with residual magic.
Nothing appears to happen.
The hound bites you but does no damage.
Casting: Scorch (safe; 2% risk of failure)
Confirm with . or Enter, or press ? or * to list all spells.
Flames lash the hound.
The hound is almost dead.
The hound's fire resistance burns away.
The hound bites you. x2
Unknown command.
Casting: Scorch (safe; 2% risk of failure)
Confirm with . or Enter, or press ? or * to list all spells.
Flames lash the hound.
The hound is burned terribly!
You kill the hound!
You have reached level 8!
Your magical contamination has completely faded away.
An ogre comes into view. It is wielding a +0 giant club.
The ogre shouts!
The ogre hits you with a +0 giant club!!
The ogre attacks as it pursues you! The ogre hits you with a +0 giant club.
There is a stone staircase leading up here.
You climb upwards.
Level annotation: 2 transporters, bmb222's ghost, amateur DsGl
There is a stone staircase leading down here.
Casting: Scorch (safe; 2% risk of failure)
Confirm with . or Enter, or press ? or * to list all spells.
Flames lash the ogre.
The ogre is moderately wounded.
The ogre's fire resistance burns away.
The ogre hits you with a +0 giant club!!
* * * LOW HITPOINT WARNING * * *
Unknown command.
Casting: Scorch (safe; 2% risk of failure)
Confirm with . or Enter, or press ? or * to list all spells.
Flames lash the ogre.
The ogre is burned terribly!
The ogre is severely wounded.
The ogre hits you with a +0 giant club!!
You die...

...##..##...##..##...............
...#....#...##..##...............
...#.#..##>.#....................
#..#.##..#..#....................
#..#.)#..#..##..####..##.###'##..
#..####..#..###'####..######.##'#
##..##..##...#...................
.#..)...######...................
.##....##...##..@........##..##..
..##..##....##..O.##.....##..##+#
#..#####....########.....##......
##..# #..........#..............
[#..# #..........#..............
.#..# #....####+##########..##..
...## ##...##....##.....##..##..
#.### ##...##.....'......#...#..
###.# #...........#......#..[#..


You could see an ogre (combustible).

Vanquished Creatures
  A water moccasin (Sewer)
  A howler monkey (D:5)
  4 hounds
  2 jellies
  2 orc priests (D:4)
  A gnoll bouda (D:4)
  3 iguanas (D:4)
  Ijyb (D:4)
  2 sleepcaps (D:5)
  9 adders
  8 gnolls
  A shadow imp (D:5)
  2 ufetubi (D:5)
  A worm (D:3)
  A dart slug (D:1)
  9 orcs
  9 bats
  8 endoplasms
  8 giant cockroaches
  4 goblins
  9 hobgoblins
  2 jackals (D:5)
  10 kobolds
  4 quokkas
  11 ball pythons
  6 frilled lizards
  12 rats
131 creatures vanquished.

Vanquished Creatures (others)
  351 foxfires
351 creatures vanquished.

Grand Total: 482 creatures vanquished

Notes
Turn   | Place    | Note
-------+----------+-------------------------------------------
     0 | D:1      | Lobster4 the Hill Orc Fire Elementalist began the quest for
                  | the Orb.
     0 | D:1      | Reached XP level 1. HP: 14/14 MP: 3/3
   175 | D:1      | Reached XP level 2. HP: 22/22 MP: 1/4
   483 | D:1      | Reached skill level 1 in Armour
   607 | D:1      | Learned a level 2 spell: Scorch
   703 | D:1      | Reached skill level 1 in Fighting
   703 | D:1      | Reached XP level 3. HP: 28/28 MP: 1/5
  1967 | D:2      | Reached skill level 4 in Fire Magic
  1967 | D:2      | Reached XP level 4. HP: 35/35 MP: 1/6
  2434 | D:3      | Found a glowing drain.
  2440 | Sewer    | Entered a sewer
  2501 | Sewer    | Noticed a water moccasin
  2519 | Sewer    | Killed a water moccasin
  2520 | Sewer    | Reached skill level 1 in Shields
  2520 | Sewer    | Reached XP level 5. HP: 41/41 MP: 0/8
  2821 | D:3      | Found Raowkeam's Antique Weapon Emporium.
  2830 | D:3      | Bought a broad axe for 108 gold pieces
  3085 | D:3      | Reached XP level 6. HP: 48/48 MP: 3/9
  3259 | D:3      | Learned a level 4 spell: Flame Wave
  3975 | D:4      | Reached skill level 1 in Axes
  4093 | D:4      | Reached skill level 5 in Fire Magic
  4157 | D:4      | Noticed Ijyb
  4172 | D:4      | Killed Ijyb
  4274 | D:4      | Found a transporter.
  4591 | D:4      | Reached XP level 7. HP: 56/56 MP: 2/10
  4695 | D:4      | Found a transporter.
  5007 | D:4      | Noticed a small abomination
  5462 | D:4      | Noticed bmb222's ghost (amateur DsGl)
  5503 | D:5      | Entered Level 5 of the Dungeon
  5503 | D:5      | Found Seor's Antique Weapon Boutique.
  5731 | D:5      | Found an iron altar of Okawaru.
  5737 | D:5      | Reached skill level 1 in Evocations
  6077 | D:5      | Found an ancient bone altar of Kikubaaqudgha.
  6125 | D:5      | Reached XP level 8. HP: 57/63 MP: 5/11
  6149 | D:4      | Mangled by an ogre

Illustrated notes

Levels and vault maps discovered:
D:1:      scummos_arrival_simple_crosswalls, layout_rooms
D:2:      layout_basic, dreamdust_wishing_well, minmay_pentomino_o4
D:3:      layout_loops_ring, serial_shops, shop,
          mainiacjoe_sewer_entry_somewhere_in_here_2
D:4:      layout_gridville, gammafunk_ghost_abyssal_escape, minmay_puff,
          uniq_ijyb
D:5:      layout_gridville, okawaru_ov_weapons_minmay,
          kiku_gazebo_garden_becter, serial_shops, shop, moated_statue

Skill      XL: |  1  2  3  4  5  6  7 |
---------------+----------------------+-----
Armour         | 1 2 3 |  3.0
Fighting       | 1 2 3 |  3.0
Fire Magic     | 4 5 |  5.8
Dodging        | 2 |  2.9
Shields        | 1 2 |  2.5
Spellcasting   | 2 |  2.6
Conjurations   | 2 |  2.9
Axes           | 1 2 |  2.4
Evocations     | 1 |  1.3
Stealth        | |  1.5

Action                     |  1- 3 |  4- 6 |  7- 9 || total
---------------------------+-------+-------+-------++-------
  Melee: Dagger            |     2 |       |       ||     2
         Short sword       |    32 |    32 |       ||    64
         Punch             |       |     1 |       ||     1
         Hand axe          |       |    10 |     6 ||    16
   Cast: Foxfire           |    94 |    73 |    60 ||   227
         Scorch            |     1 |    34 |    31 ||    66
    Use: Potion            |       |     1 |       ||     1
         Scroll            |       |     8 |     1 ||     9
 Armour: Robe              |    23 |    42 |    23 ||    88
  Dodge: Dodged            |    51 |    41 |    12 ||   104

Table legend: (Time is in decaauts)
 A = Elapsed time spent in this place.
 B = Non-inter-level travel time spent in this place.
 C = Inter-level travel time spent in this place.
 D = Time resting spent in this place.
 E = Time spent auto-exploring this place.
 F = Levels seen in this place.
 G = Mean time per level.
                   A        B        C        D        E       F      G
               +--------+--------+--------+--------+--------+-----+--------+
         Total |   6169 |   6024 |    145 |   1795 |   2871 |   6 | 1028.2 |
       Dungeon |   5970 |   5825 |    145 |   1690 |   2821 |   5 | 1194.0 |
         Sewer |    199 |    199 |      0 |    105 |     50 |   1 |  199.0 |
               +--------+--------+--------+--------+--------+-----+--------+

Top non-repeatable levels by time:
     D:4: 1923 daAuts
     D:3: 1258 daAuts
     D:1: 1227 daAuts
     D:2: 1062 daAuts
     D:5: 498 daAuts
   Sewer: 199 daAuts
